 Dungeon Crawl Stone Soup version 0.27-a0-1140-g099f9bb0e8 (webtiles) character file.

Game seed: 15439612373280191558

44 polve the Cutter (level 3, 0/19 HPs)
             Began as a Vine Stalker Fighter on May 8, 2021.
             Succumbed to an adder's poison
             ... on level 2 of the Dungeon.
             The game lasted 00:00:57 (1333 turns).

polve the Cutter (Vine Stalker Fighter)             Turns: 1333, Time: 00:00:58

Health: 0/19       AC:  6    Str: 19    XL:     3   Next: 62%
Magic:  1/4        EV:  7    Int:  8    God:
Gold:   184        SH:  9    Dex: 13    Spells: 2/2 levels left

rFire    . . .     SeeInvis .   a - +0 rapier
rCold    . . .     Faith    .   c - +0 kite shield
rNeg     . . .     Spirit   +   b - +0 scale mail
rPois    .         Reflect  .   (no helmet)
rElec    .         Harm     .   (no cloak)
rCorr    .         Rampage  .   (no gloves)
Will     .....                  (no boots)
Stlth    ..........             (no amulet)
HPRegen  0.06/turn              (no ring)
MPRegen  0.09/turn              (no ring)

@: lethally poisoned (0 -> -2), flying, hasted, very quick
A: fangs 2, magic shield, antimagic bite, no potion heal 2
a: no special abilities


You were on level 2 of the Dungeon.
You visited 1 branch of the dungeon, and saw 2 of its levels.

You collected 184 gold pieces.

Inventory:

Hand Weapons
 a - a +0 rapier (weapon)
Armour
 b - a +0 scale mail (worn)
 c - a +0 kite shield (worn)
Scrolls
 f - a scroll of amnesia {unknown}
 g - a scroll of enchant weapon {unknown}
 h - a scroll of enchant armour {unknown}
 j - a scroll of identify {unknown}
 k - a scroll of holy word {unknown}
Potions
 d - a potion of might


   Skills:
 - Level 2.6 Fighting
 + Level 3.5 Short Blades
 - Level 2.4 Armour
 - Level 2.6 Shields


You had 2 spell levels left.
You didn't know any spells.
Your spell library was empty.

Dungeon Overview and Level Annotations

Branches:
Dungeon (2/15)

Altars:


Innate Abilities, Weirdness & Mutations

You have extremely sharp teeth.
When hurt, damage is shared between your health and your magic reserves.
Your bite disrupts and absorbs the magic of your enemies.
Potions cannot restore your health.


Message History

The adder is severely wounded.
The adder bites you.
You are poisoned.
The adder poisons you!
You barely miss the adder. You bite the adder. You drain its power.
You feel invigorated.
The adder is almost dead.
You feel sick. The adder bites you.
You are more poisoned.
The adder poisons you! The adder bites you but does no damage.
You are too injured to fight recklessly!
You are too injured to fight recklessly!
You are too injured to fight recklessly!
You are too injured to fight recklessly!
You are too injured to fight recklessly!
An adder is nearby!
An adder is nearby!
You closely miss the adder. Your bite misses the adder.
The adder is almost dead.
You feel very sick. You block the adder's attack. The adder bites you.
You barely miss the adder.
The adder is almost dead.
* * * LOW HITPOINT WARNING * * *
You feel sick. The adder barely misses you. You block the adder's attack.
You closely miss the adder. Your bite misses the adder.
The adder is almost dead.
* * * LOW HITPOINT WARNING * * *
You feel sick. The adder bites you.
You hit the adder.
You kill the adder!
* * * LOW HITPOINT WARNING * * *
You feel sick.
It was a potion of flight.
You feel very buoyant.
You fly up into the air.
* * * LOW HITPOINT WARNING * * *
You feel sick.
It was a potion of haste.
You feel yourself speed up.
You die...

................
..#$........†.......
.#.#.....†.#.....#
......#..#<..#...#
####.....#..........#
..........####.##..#.
#.###......######.......
#......<...........#####
#.######.@...#####........
#.....................###.
######..........#.#..#
#............#..#
#............#....
#.(..........#.....
#............#......
#..........#... ....
#..........#..♣♣


There were no monsters in sight!

Vanquished Creatures
  2 adders (D:2)
  3 bats
  3 endoplasms (D:1)
  2 giant cockroaches (D:1)
  A goblin (D:1)
  4 jackals (D:1)
  A kobold (D:1)
  5 ball pythons (D:1)
  4 rats
25 creatures vanquished.

Notes
Turn   | Place    | Note
-------+----------+-------------------------------------------
     0 | D:1      | polve the Vine Stalker Fighter began the quest for the Orb.
     0 | D:1      | Reached XP level 1. HP: 11/11 MP: 2/2
    53 | D:1      | Reached skill level 2 in Short Blades
   304 | D:1      | Reached XP level 2. HP: 13/16 MP: 3/3
   873 | D:1      | Reached skill level 3 in Short Blades
   966 | D:1      | Reached XP level 3. HP: 19/19 MP: 4/4
  1333 | D:2      | Succumbed to an adder's poison

Illustrated notes

Levels and vault maps discovered:
D:1:      elethiomel_arrival_quiet, layout_basic, hex_tiny, minivault_11,
          minivault_5, hex_large, minmay_pentomino_w4
D:2:      layout_basic, chequers_ecumenical_altar_grove, minmay_misc_feat_rows,
          dk_noncrumbling_2

Skill      XL: |  1  2 |
---------------+-------+-----
Short Blades   | 2 3 |  3.5
Fighting       | |  2.6
Armour         | |  2.4
Shields        | |  2.6

Action                   || total
-------------------------++-------
Melee: Rapier            ||    70
       Bite              ||    15
  Use: Potion            ||     2
Armor: Scale mail        ||    39
Dodge: Dodged            ||    35
Block: Kite shield       ||    40

Table legend: (Time is in decaauts)
 A = Elapsed time spent in this place.
 B = Non-inter-level travel time spent in this place.
 C = Inter-level travel time spent in this place.
 D = Time resting spent in this place.
 E = Time spent auto-exploring this place.
 F = Levels seen in this place.
 G = Mean time per level.
                   A        B        C        D        E       F      G
               +--------+--------+--------+--------+--------+-----+--------+
         Total |   1365 |   1334 |     31 |      0 |   1119 |   2 |  682.5 |
       Dungeon |   1365 |   1334 |     31 |      0 |   1119 |   2 |  682.5 |
               +--------+--------+--------+--------+--------+-----+--------+

Top non-repeatable levels by time:
     D:1: 1301 daAuts
     D:2: 63 daAuts
